 Dungeon Crawl Stone Soup version 0.19-a0-1254-gb9c29c0 (webtiles) character file.

11687 retsudo the Spear-Bearer (level 11, -2/100 HPs)
             Began as a Naga Abyssal Knight on Aug 27, 2016.
             Was an Elder of Lugonu.
             Slain by an ice devil (17 damage)
             ... in an ice cave.
             The game lasted 00:42:41 (14681 turns).

retsudo the Spear-Bearer (Naga Abyssal Knight)     Turns: 14681, Time: 00:42:41

Health: -2/100     AC:  9    Str: 15    XL:     11   Next: 81%
Magic:  11/15      EV: 13    Int: 12    God:    Lugonu [****..]
Gold:   988        SH:  0    Dex: 14    Spells: 0 memorised, 10 levels left

rFire  + . .     SeeInvis +     P - +0 halberd
rCold  . . .     Gourm    .     i - +2 leather armour {rF+}
rNeg   . . .     Faith    .     (shield currently unavailable)
rPois  +         Spirit   .     (no helmet)
rElec  .         Dismiss  .     p - +0 cloak
rCorr  .         Reflect  .     m - +0 pair of gloves
MR     +....     Harm     .     (no barding)
Stlth  ++........               O - amulet of regeneration
                                V - ring of stealth
                                U - +4 ring of slaying

@: very slow
A: see invisible, deformed body, poison resistance, slowness 2, slow metabolism
1, spit poison 2, AC +3
a: Spit Poison, Depart the Abyss, Bend Space, Banish, Corrupt, Renounce Religion


You were in an ice cave.
You worshipped Lugonu.
Lugonu was greatly pleased with you.
You were not hungry.

You visited 2 branches of the dungeon, and saw 13 of its levels.
You visited the Abyss 1 time.
You also visited: Sewer and Ice Cave.

You collected 988 gold pieces.

Inventory:

Hand Weapons
 P - a +0 halberd (weapon)
Missiles
 f - 13 javelins (quivered)
 l - a throwing net
 s - 9 tomahawks
Armour
 i - a +2 leather armour of fire resistance (worn)
 m - a +0 pair of gloves (worn)
 n - a troll hide
 p - a +0 cloak (worn)
Jewellery
 O - an amulet of regeneration (around neck)
 U - a +4 ring of slaying (left hand)
 V - a ring of stealth (right hand)
Wands
 a - a wand of iceblast (11/15)
 K - a wand of teleportation (9/9)
 W - a wand of acid (6/15)
Scrolls
 d - a scroll of magic mapping
 e - a scroll of teleportation
 g - a scroll of fog {unknown}
 h - 2 scrolls of immolation {unknown}
 j - a scroll of amnesia {unknown}
 o - a scroll of enchant armour {unknown}
 q - 2 scrolls of blinking {unknown}
 r - 3 scrolls of remove curse
 w - a scroll of torment {unknown}
 A - a scroll of acquirement {unknown}
 F - 4 scrolls of recharging
 G - a scroll of enchant weapon {unknown}
 H - a scroll of vulnerability {unknown}
 I - a scroll of summoning {unknown}
 N - 2 scrolls of noise {unknown}
 Y - a scroll of silence {unknown}
Potions
 b - 2 potions of resistance
 u - 4 potions of flight
 v - 2 potions of invisibility
 x - 4 potions of might
 B - 8 potions of curing
 C - 2 potions of heal wounds
 L - a potion of degeneration {unknown}
 T - 2 potions of lignification {unknown}
 X - a potion of magic {unknown}
Miscellaneous
 t - a lamp of fire (inert)
Comestibles
 c - 9 bread rations
 E - a chunk of flesh
 M - 11 fruits


   Skills:
 + Level 7.1 Fighting
 * Level 12.5 Polearms
 - Level 3.2 Armour
 + Level 6.9 Dodging
   Level 2.8 Shields
 * Level 6.1 Invocations
 - Level 4.2 Evocations


You had 10 spell levels left.
You didn't know any spells.

Dungeon Overview and Level Annotations

Branches:
Dungeon (11/15)            Temple (0/1) D:4            Lair (2/6) D:10
 Shoals (0/4) Lair:2          Orc (0/2) D:10
  Snake: Lair:2-4    Spider: Lair:2-4

Altars:
Ashenzari
Makhleb
Nemelex Xobeh
Qazlal
Ru
Yredelemnul

Annotations:
Abyss:1 Duvessa, Erica


Innate Abilities, Weirdness & Mutations

You cannot wear boots.
Your serpentine skin is tough. (AC +3)
You have supernaturally acute eyesight. (SInv)
Armour fits poorly on your strangely shaped body.
Your system is resistant to poisons. (rPois)
You cover ground very slowly.
You have a slow metabolism.
You can spit poison.


Message History

The ice devil is severely wounded.
The ice devil hits you. The ice devil freezes you!
You barely miss the ice devil.
The ice devil is severely wounded.
The ice devil hits you. The ice devil freezes you!!
You hit the ice devil.
The ice devil is severely wounded.
The ice devil misses you.
Press: ? - help, Shift-Dir - straight line, f/p - ice devil
Aim: an ice devil (severely wounded, chance to defeat MR: 36%)
You fail to use your ability.
The ice devil hits you. The ice devil freezes you!
* * * LOW HITPOINT WARNING * * *
Press: ? - help, Shift-Dir - straight line, f/p - ice devil
Aim: an ice devil (severely wounded, chance to defeat MR: 36%)
The ice devil easily resists.
You feel somewhat more hungry. The ice devil hits you.
* * * LOW HITPOINT WARNING * * *
The ice devil freezes you!
You die...

. .. ... ####
.... ######..##
.....##..##....##
................#
............∩∩..#
.......##.4.....#
.....## ###@...##
.... ##..## ...
#### .. .


You could see an ice devil.

Vanquished Creatures
  An unseen horror (D:10)
  2 hill giants (D:10)
  Joseph (D:10)
  A spiny frog (Lair:1)
  A troll (D:11)
  A two-headed ogre (D:9)
  A blink frog (D:10)
  10 yaks (D:9)
  Grum (D:8)
  A hippogriff (Lair:2)
  2 water moccasins
  3 porcupines
  An orc warrior (D:8)
  4 sky beasts
  2 ice beasts (D:6)
  4 ogres
  3 centaurs
  3 phantoms
  7 wolves
  A crocodile (D:8)
  2 big kobolds
  5 giant frogs
  Dowan (D:6)
  5 scorpions
  4 killer bees (D:9)
  An electric eel (D:9)
  10 wights
  2 howler monkeys
  6 crimson imps
  2 giant frog zombies
  8 hounds
  2 jellies
  6 orc priests
  6 orc wizards
  A giant frog skeleton (D:8)
  Ijyb (D:2)
  7 iguanas
  3 hell rats (D:10)
  12 worker ants
  A hound skeleton (D:4)
  A worker ant zombie (D:9)
  13 adders
  7 gnolls
  26 river rats
  3 shadow imps
  2 oozes (D:3)
  4 worms
  2 adder zombies
  A dart slug (D:3)
  6 giant geckos
  28 orcs
  9 ball pythons
  3 bats
  14 giant cockroaches
  3 hobgoblins
  9 jackals
  11 quokkas
  7 giant newts
  8 goblins
  A jackal skeleton (D:7)
  30 kobolds
  A quokka skeleton (D:4)
  41 rats
365 creatures vanquished.

Vanquished Creatures (others)
  An orc sorcerer (D:10)
  2 komodo dragons
  An ice beast (D:9)
  3 wolves
  2 big kobolds (Sewer)
  2 wights
  A kobold (D:9)
  16 plants
28 creatures vanquished.

Grand Total: 393 creatures vanquished

Notes
Turn   | Place    | Note
-------+----------+-------------------------------------------
     0 | Abyss:1  | retsudo the Naga Abyssal Knight began the quest for the Orb.
     0 | Abyss:1  | Reached XP level 1. HP: 21/21 MP: 2/2
     8 | D:1      | Escaped the Abyss
   376 | D:1      | Reached XP level 2. HP: 28/28 MP: 3/3
   594 | D:1      | Reached skill level 3 in Polearms
  1120 | D:2      | Reached XP level 3. HP: 14/34 MP: 4/4
  1393 | D:2      | Reached ** piety under Lugonu
  1561 | D:2      | Found a burning altar of Makhleb.
  1571 | D:2      | Reached skill level 4 in Polearms
  1571 | D:2      | Reached XP level 4. HP: 41/42 MP: 3/5
  2120 | D:2      | Noticed Ijyb
  2152 | D:2      | Killed Ijyb
  2152 | D:2      | Reached skill level 5 in Polearms
  2152 | D:2      | Reached XP level 5. HP: 44/49 MP: 6/6
  2364 | D:2      | Found a faded altar of an unknown god.
  2845 | D:3      | Found a shattered altar of Ashenzari.
  3245 | D:3      | Reached *** piety under Lugonu
  3608 | D:4      | Reached XP level 6. HP: 56/56 MP: 6/8
  3676 | D:4      | Found a glowing drain.
  3706 | Sewer    | Entered a sewer
  4055 | Sewer    | Reached **** piety under Lugonu
  4772 | D:4      | Reached skill level 5 in Invocations
  4772 | D:4      | Reached XP level 7. HP: 29/62 MP: 9/11
  4981 | D:4      | Found a staircase to the Ecumenical Temple.
  5055 | D:4      | Reached skill level 6 in Polearms
  5747 | D:5      | Entered Level 5 of the Dungeon
  5797 | D:5      | Reached skill level 7 in Polearms
  5850 | D:5      | Found a sparkling altar of Nemelex Xobeh.
  5879 | D:5      | Reached XP level 8. HP: 65/69 MP: 12/12
  6258 | D:5      | Found a basalt altar of Yredelemnul.
  6406 | D:5      | Reached skill level 1 in Shields
  7143 | D:5      | Reached ***** piety under Lugonu
  7464 | D:6      | Reached skill level 8 in Polearms
  7755 | D:5      | Reached XP level 9. HP: 65/76 MP: 13/13
  7882 | D:6      | Noticed Duvessa
  7883 | D:6      | Noticed Dowan
  7965 | D:6      | Reached skill level 1 in Dodging
  8343 | D:6      | Killed Dowan
  8343 | D:6      | Reached skill level 9 in Polearms
  8488 | D:6      | Banished Duvessa
  9507 | D:8      | Noticed a komodo dragon
  9509 | D:8      | Banished a komodo dragon
  9934 | D:8      | Reached skill level 5 in Fighting
 10001 | D:8      | Reached XP level 10. HP: 88/88 MP: 14/14
 10040 | D:8      | Reached skill level 10 in Polearms
 10251 | D:8      | Noticed Grum
 10419 | D:8      | Killed Grum
 10622 | D:8      | Reached skill level 5 in Dodging
 10638 | D:9      | Noticed Erica
 10639 | D:9      | Banished Erica
 10776 | D:9      | Found a stormy altar of Qazlal.
 11117 | D:9      | Reached skill level 11 in Polearms
 11155 | D:10     | Entered Level 10 of the Dungeon
 11201 | D:10     | Found a staircase to the Orcish Mines.
 11714 | D:9      | Reached XP level 11. HP: 91/98 MP: 15/15
 12155 | D:9      | Found a sacrificial altar of Ru.
 12291 | D:10     | Noticed a hill giant
 12300 | D:10     | Killed a hill giant
 12671 | D:10     | Noticed Joseph
 12734 | D:9      | Reached skill level 1 in Evocations
 12796 | D:10     | Noticed an unseen horror
 12811 | D:10     | Killed an unseen horror
 12820 | D:10     | Noticed a hill giant
 12831 | D:10     | Killed a hill giant
 12831 | D:10     | Reached skill level 12 in Polearms
 12871 | D:10     | Noticed an orc sorcerer
 12888 | D:10     | Banished an orc sorcerer
 12974 | D:10     | Found a staircase to the Lair.
 13096 | D:10     | Killed Joseph
 13441 | Lair:1   | Entered Level 1 of the Lair of Beasts
 14288 | Lair:1   | Noticed a six-headed hydra
 14625 | Lair:2   | Found a frozen archway.
 14654 | IceCv    | Entered an ice cave
 14681 | IceCv    | Slain by an ice devil

Vault maps used:
D:1:      ncdulo_wetmaze
D:2:      makhleb_blood_cavern_becter, ecumenical_altar_2, uniq_iyjb
D:3:      lemuel_round_altar, hangedman_feature_mirror, minmay_curled_crystal
D:4:      serial_glass, glass_columns_b, glass_columns_c, gup_sewer_entry_pipe
D:5:      kennysheep_little_box, first_bread, basic_altar
D:6:      uniq_duvessa
D:8:      grunt_pizzeria, uniq_grum
D:9:      nicolae_qazlal_general_emergency, nicolae_ru_great_annihilating_truth,
          minmay_misc_feat_encased, serial_bayou_lagoon_a,
          lemuel_flamethrower_1, uniq_erica
D:10:     dpeg_lair_monsters, orc_0_dummy, uniq_joseph
D:11:     minmay_coctagon, glass_columns_b
Lair:1:   grunt_megastairs_2, lemuel_fruit_tree
Lair:2:   lemuel_ratsnest, elwin_shoals_entry_rocks,
          portal_ice_cave_entry_pillars_1, basic_altar, beast_lair_carwin_10,
          uniq_nergalle
Sewer:    sewer_minmay_treatment
IceCv:    ice_cave_tombish

Skill      XL: |  1  2  3  4  5  6  7  8  9 10 11 |
---------------+----------------------------------+-----
Polearms       | 3 4 5 7 8 9 11 12 | 12.5
Invocations    | 3 5 6 |  6.1
Armour         | 2 3 |  3.2
Shields        | 2 |  2.8
Dodging        | 4 6 |  6.9
Fighting       | 5 6 7 |  7.1
Evocations     | 4 |  4.2

Action                   |  1- 3 |  4- 6 |  7- 9 | 10-12 || total
-------------------------+-------+-------+-------+-------++-------
Melee: Spear             |    73 |   312 |   355 |       ||   740
       Halberd           |       |       |   252 |   508 ||   760
Throw: Javelin           |       |     1 |       |     7 ||     8
Invok: Bend Space        |     1 |       |       |     1 ||     2
       Banish            |       |     2 |     5 |    13 ||    20
 Abil: Spit Poison       |    10 |    58 |    73 |    48 ||   189
Evoke: Lamp of fire      |       |       |       |     1 ||     1
  Use: Scroll            |       |     1 |     8 |    10 ||    19
       Potion            |       |     2 |       |       ||     2
 Stab: Sleeping          |     1 |       |       |     2 ||     3
       Distracted        |       |       |     1 |     2 ||     3
       Invisible         |       |       |       |     1 ||     1
  Eat: Chunk             |     2 |    12 |    21 |    11 ||    46
       Beef jerky        |       |       |       |     3 ||     3
       Meat ration       |       |       |       |     1 ||     1
Armor: Leather armour    |     7 |       |       |    53 ||    60
       Scale mail        |     8 |   144 |   210 |       ||   362
       Ring mail         |       |       |    29 |   119 ||   148
Dodge: Dodged            |    21 |   119 |   178 |   282 ||   600
Block: Buckler           |       |       |    32 |       ||    32
       Shield            |       |       |     8 |       ||     8
